 Dungeon Crawl Stone Soup version 0.30.0-13-g156ef70053 (webtiles) character file.

Game seed: 7257558316974652367

494 monsoonserge the Sneak (level 6, -7/34 HPs)
             Began as a Vampire Hedge Wizard on May 18, 2023.
             Mangled by an orc wizard
             ... wielding a +3 dagger of electrocution
              (17 damage)
             ... on level 5 of the Dungeon.
             The game lasted 00:18:09 (3716 turns).

monsoonserge the Sneak (Vampire Hedge Wizard)       Turns: 3716, Time: 00:18:12

Health: -7/34      AC:  9    Str: 13 (15) XL:     6   Next: 92%
Magic:  10/10      EV: 12    Int: 17 (19) God:
Gold:   215        SH:  0    Dex: 13      Spells: 3/11 levels left

rFire   . . .        q - +1 hand axe (flame)
rCold   + + .        (no shield)
rNeg    + + +        p - +0 leather armour
rPois   ∞            k - +0 helmet
rElec   .            (no cloak)
rCorr   .            x - +0 pair of gloves
SInv    +            (no boots)
Will    .....        (no amulet)
Stlth   +++++        t - +4 ring of protection
HPRegen 0.00/turn    y - +6 ring of strength
MPRegen 0.12/turn

%: no passive effects
@: bloodless, inhibited regen
A: bloodless, fangs 3, see invisible, vampiric 2
a: Bat Form, Revivify


You were on level 5 of the Dungeon.
You visited 1 branch of the dungeon, and saw 5 of its levels.

You collected 215 gold pieces.

Inventory:

Hand Weapons
 l - a +0 short sword
 q - a +1 hand axe of flaming (weapon)
Missiles
 a - 13 poisoned darts
 b - 4 boomerangs (quivered)
Armour
 k - a +0 helmet (worn)
 p - a +0 leather armour (worn)
 x - a +0 pair of gloves (worn)
Jewellery
 t - a +4 ring of protection (left hand)
 y - a +6 ring of strength (right hand)
 B - a ring of magical power
Wands
 C - a wand of digging (5)
Scrolls
 g - a scroll of enchant weapon {unknown}
 h - a scroll of silence {unknown}
 i - 8 scrolls of identify {unknown}
 j - 2 scrolls of fog {unknown}
 m - a scroll of butterflies {unknown}
 o - a scroll of fear {unknown}
 r - a scroll of blinking {unknown}
 v - a scroll of poison {unknown}
 A - a scroll of magic mapping {unknown}
Potions
 c - a potion of ambrosia {unknown}
 d - a potion of magic
 e - a potion of invisibility {unknown}
 f - a potion of might {unknown}
 n - a potion of lignification {unknown}
 s - 2 potions of flight {unknown}
 u - 2 potions of attraction {unknown}
 w - 3 potions of heal wounds {unknown}
 z - 2 potions of mutation {unknown}


   Skills:
 + Level 1.3 Fighting
 + Level 0.2 Short Blades
 + Level 2.3 Axes
 + Level 0.4 Throwing
 * Level 1.8 Armour
 + Level 3.0 Dodging
 + Level 4.8 Stealth
 - Level 3.0 Spellcasting
 * Level 2.1 Conjurations
 * Level 2.7 Summonings
 * Level 2.1 Translocations


You had 3 spell levels left.
You knew the following spells:

 Your Spells              Type           Power      Damage    Failure   Level
a - Magic Dart            Conj           36%        1d4       10%         1
b - Call Imp              Summ           22%        N/A       11%         2
c - Blink                 Tloc           18%        N/A       14%         2
d - Mephitic Cloud        Conj/Pois/Air  4%         N/A       45%         3

Your spell library contained the following spells:

 Spells                   Type           Power      Damage    Failure   Level
 Slow                     Hex            8%         N/A       22%         1
 Cigotuvi's Dreadful Rot  Necr/Pois/Air  4%         N/A       32%         2


Dungeon Overview and Level Annotations

Branches:
Dungeon (5/15)
 Temple: D:4-7

Altars:
Qazlal

Shops:
D:1 ?

Annotations:
D:4 Edmund
D:5 3 runed translucent doors, SecretSquirrel's ghost, novice MiHu


Innate Abilities, Weirdness & Mutations

You do not regenerate when monsters are visible.
You are frail without blood (-20% HP).
You can heal yourself when you bite living creatures.
You are immune to poison.
You have razor-sharp teeth.
You have supernaturally acute eyesight. (SInv)
You are afflicted with vampirism and can become a bat while bloodless.


Message History

There is an open door here.
An orc comes into view. It is wielding a +0 short sword.
An orc comes into view. It is wielding a +0 club.
The orc shouts!
An orc and an orc wizard come into view.
The orc wizard is wielding a +3 dagger of electrocution.
The orc wizard shouts!
The orc moves out of view.
The orc shouts!
An orc priest comes into view. It is wielding a +0 dagger.
The orc closely misses you.
The orc wizard gestures wildly while chanting.
The orc wizard flickers and vanishes for a moment.
The orc barely misses you.
The orc priest shouts!
You barely miss the orc wizard. You hit the orc. You burn the orc.
You kill the orc!
You barely miss the orc.
The orc wizard hits you with a +3 dagger of electrocution.
The orc barely misses you.
You hit the orc wizard. You burn the orc wizard.
The orc wizard is moderately wounded.
You hit the orc but do no damage. You hit the orc. You burn the orc.
The orc priest calls upon Beogh to heal the orc.
The orc wizard's wounds heal themselves!
The orc wizard hits you but does no damage.
You are electrocuted!
Ouch! That really hurt!
The orc hits you but does no damage. x2
The orc priest calls upon Beogh to heal the orc.
The orc wizard barely misses you. The orc hits you but does no damage.
The orc misses you.
You barely miss the orc wizard. You hit the orc. You burn the orc.
You hit the orc. You burn the orc.
You kill the orc!
The orc wizard hits you with a +3 dagger of electrocution.
* * * LOW HITPOINT WARNING * * *
You are electrocuted!
Ouch! That really hurt!
You die...

......# #.....#
+.....# #..... #..o.
####... #...oo#
#...)@# #...).# #
#.....# # #.....# #
#.....# #
#.....################
#.....'.......#.......
#.....#.......#.......
#.....#.......#.......


You could see an orc priest, an orc wizard (invisible) and an orc.

Vanquished Creatures
  Blork the orc (D:4)
  A lemure (D:5)
  2 scorpions
  A howler monkey (D:3)
  A hound (D:5)
  2 jellies (D:5)
  2 adders (D:4)
  4 gnolls (D:3)
  A worm (D:2)
  3 dart slugs
  10 orcs
  6 endoplasms
  8 giant cockroaches
  7 goblins
  4 hobgoblins
  13 jackals
  4 quokkas
  7 ball pythons
  5 bats
  5 frilled lizards
  5 kobolds
  2 rats
94 creatures vanquished.

Vanquished Creatures (collateral kills)
  An adder (D:2)
  A worm (D:2)
  4 giant cockroaches (D:2)
  A hobgoblin (D:2)
7 creatures vanquished.

Grand Total: 101 creatures vanquished

Notes
Turn   | Place    | Note
-------+----------+-------------------------------------------
     0 | D:1      | monsoonserge the Vampire Hedge Wizard began the quest for
                  | the Orb.
     0 | D:1      | Reached XP level 1. HP: 13/13 MP: 4/4
    89 | D:1      | Found Kevvod's Magic Scroll Boutique.
   831 | D:1      | Reached XP level 2. HP: 8/15 MP: 0/6
   891 | D:1      | Learned a level 2 spell: Call Imp
   894 | D:1      | Learned a level 2 spell: Blink
  1037 | D:2      | Reached skill level 1 in Conjurations
  1112 | D:2      | Reached skill level 1 in Translocations
  1146 | D:2      | Reached skill level 4 in Stealth
  1183 | D:2      | Gained mutation: You are afflicted with vampirism and can
                  | become a bat while bloodless. [Vampire growth]
  1183 | D:2      | Reached XP level 3. HP: 15/19 MP: 2/7
  1510 | D:2      | Reached XP level 4. HP: 14/24 MP: 6/8
  1520 | D:2      | Learned a level 3 spell: Mephitic Cloud
  1859 | D:3      | Found a stormy altar of Qazlal.
  1920 | D:3      | Reached skill level 1 in Axes
  2113 | D:3      | Reached XP level 5. HP: 11/28 MP: 9/9
  2114 | D:3      | Reached skill level 1 in Fighting
  2114 | D:3      | Reached skill level 1 in Armour
  2681 | D:4      | Noticed Edmund
  2805 | D:4      | Noticed Blork the orc
  2812 | D:5      | Entered Level 5 of the Dungeon
  2854 | D:4      | Killed Blork the orc
  2855 | D:4      | Reached XP level 6. HP: 17/34 MP: 8/10
  3565 | D:5      | Found a runed translucent gate.
  3565 | D:5      | Noticed SecretSquirrel's ghost (novice MiHu)
  3566 | D:5      | Found a runed translucent gate.
  3566 | D:5      | Found a runed translucent gate.
  3716 | D:5      | Mangled by an orc wizard

Illustrated notes

Levels and vault maps discovered:
D:1:      minmay_arrival_loop, layout_basic, serial_shops, shop
D:2:      minmay_roachtagon, layout_basic, hangedman_decor_lopped,
          minmay_3d_cube
D:3:      layout_loops_ring, grunt_qazlal_clouds, nicolae_figureground_pulse
D:4:      layout_rooms, lemuel_doored_altar, grunt_decor_cap, uniq_edmund,
          uniq_blork_the_orc
D:5:      layout_gridville, overflow_temple_1_default,
          biasface_ghost_orc_armoury, uniq_pikel

Skill      XL: |  1  2  3  4  5  6 |
---------------+-------------------+-----
Conjurations   | 1 2 |  2.1
Translocations | 1 2 |  2.1
Stealth        | 4 |  4.8
Axes           | 1 2 |  2.3
Summonings     | 2 |  2.7
Fighting       | 1 |  1.3
Armour         | 1 |  1.8
Dodging        | 3 |  3.0
Short Blades   | |  0.2
Throwing       | |  0.4
Spellcasting   | |  3.0

Action                     |  1- 3 |  4- 6 || total
---------------------------+-------+-------++-------
  Melee: Dagger            |     7 |       ||     7
         Bite              |     6 |    16 ||    22
         Short sword       |    37 |       ||    37
         Punch             |     2 |     1 ||     3
         Hand axe          |    47 |   155 ||   202
  Throw: Boomerang         |     1 |    13 ||    14
   Cast: Magic Dart        |    26 |    31 ||    57
         Call Imp          |     4 |     9 ||    13
         Blink             |     1 |     2 ||     3
Ability: Exsanguinate      |     1 |       ||     1
         End Transformatio |       |     1 ||     1
         Bat Form          |       |     1 ||     1
   Stab: Sleeping          |    10 |     7 ||    17
         Distracted        |     2 |       ||     2
 Armour: Robe              |     9 |       ||     9
         Leather armour    |    27 |    71 ||    98
  Dodge: Dodged            |    74 |   166 ||   240
